 Dungeon Crawl Stone Soup version 0.22.1-1-ga44c0e56f4 (webtiles) character file.

2200 KleinerIrrer the Blocker (level 9, -4/51 HPs)
             Began as a Gargoyle Fighter on Oct 28, 2018.
             Was a Follower of Okawaru.
             Splashed by a crimson imp's acid (9 damage)
             ... on level 6 of the Dungeon.
             The game lasted 00:14:32 (7544 turns).

KleinerIrrer the Blocker (Gargoyle Fighter)         Turns: 7544, Time: 00:14:33

Health: -4/51      AC:  9    Str: 19    XL:     9   Next: 34%
Magic:  10/10      EV:  6    Int: 13    God:    Okawaru [*.....]
Gold:   254        SH: 14    Dex:  9    Spells: 8/8 levels left

rFire    . . .     SeeInvis .     - Unarmed
rCold    . . .     Gourm    .   b - +0 shield
rNeg     + . .     Faith    .   j - +0 chain mail
rPois    ∞         Spirit   .   (no helmet)
rElec    +         Reflect  +   p - scarf {cloud immunity}
rCorr    .         Harm     .   v - +1 pair of gloves
MR       +....                  (no boots)
Stlth    ..........             g - +3 amulet of reflection
HPRegen  0.17/turn              i - ring of protection from magic
MPRegen  0.12/turn              (no ring)

@: corroded
A: negative energy resistance 1, electricity resistance, unbreathing,
petrification resistance, rot immunity, AC +6
a: Heroism, Renounce Religion


You were on level 6 of the Dungeon.
You worshipped Okawaru.
Okawaru was aware of your devotion.
You were hungry.

You visited 2 branches of the dungeon, and saw 7 of its levels.

You collected 254 gold pieces.

Inventory:

Armour
 b - a +0 shield (worn)
 j - a +0 chain mail (worn)
 p - a scarf of cloud immunity (worn)
 v - a +1 pair of gloves (worn)
Jewellery
 g - a +3 amulet of reflection (around neck)
 i - a ring of protection from magic (left hand)
Wands
 a - a wand of random effects (19)
 n - a wand of paralysis (9)
Scrolls
 e - 2 scrolls of teleportation
 l - a scroll of random uselessness
 o - 4 scrolls of magic mapping
 r - a scroll of fog {unknown}
 s - a scroll of enchant weapon {unknown}
 t - a scroll of enchant armour {unknown}
 u - 5 scrolls of identify
 w - a scroll of amnesia {unknown}
Potions
 c - 3 potions of curing {unknown}
 f - 2 potions of flight
 h - 2 potions of lignification {unknown}
 k - 2 potions of mutation {unknown}
 m - 4 potions of brilliance {unknown}
 q - a potion of resistance {unknown}
Comestibles
 d - 12 rations


   Skills:
 - Level 3.2 Fighting
 - Level 3.2 Armour
 * Level 10.4 Shields
 + Level 7.7 Unarmed Combat
 * Level 2.6 Invocations


You had 8 spell levels left.
You didn't know any spells.
Your spell library contained the following spells:

 Spells                   Type           Power        Failure   Level  Hunger
 Corona                   Hex            #......      100%        1    ##.....
 Ensorcelled Hibernation  Hex/Ice        #.....       100%        2    ###....
 Confuse                  Hex            #.......     100%        3    ####...
 Dazzling Spray           Conj/Hex       #.....       100%        3    ####...
 Tukima's Dance           Hex            #.......     100%        3    ####...


Dungeon Overview and Level Annotations

Branches:
Dungeon (6/15)             Temple (1/1) D:5

Altars:
Ashenzari
Cheibriados
Elyvilon
Fedhas
Gozag
Hepliaklqana
Nemelex Xobeh
Okawaru
Ru
Trog
Vehumet
Wu Jian
Xom
Yredelemnul
Zin

Shops:
D:2 *

Annotations:
D:2 exclusion: oklob plant
D:6 1 runed door, Dowan


Innate Abilities, Weirdness & Mutations

You are resistant to torment.
Your stone body is resilient. (AC +6)
You are immune to poison.
You resist negative energy. (rN+)
You are resistant to electric shocks. (rElec)
You can survive without breathing.
You are immune to petrification.
You are immune to rotting.


Message History

Dowan blinks!
The crimson imp throws a stone.
The stone hits you.
* * * LOW HITPOINT WARNING * * *
Things that are here:
a shortbow; 20 arrows; a centaur corpse The crimson imp blinks!
The crimson imp throws a stone.
The stone hits you but does no damage.
You see here a stone.
You block Dowan's attack.
The crimson imp throws a stone.
The stone barely misses you.
You barely miss Dowan. Dowan hits you but does no damage.
The crimson imp zaps a wand.
The bolt of acid misses you. You block Dowan's attack.
You punch Dowan!
Dowan is moderately wounded.
You block Dowan's attack.
The crimson imp zaps a wand.
The bolt of acid hits you!
* * * LOW HITPOINT WARNING * * *
The acid corrodes you!
You are splashed with acid!
The acid burns!
You die...

#..# #.# #.##.. #..#
#.# #.#... #..# #.#
#..... #..# ##.#######
##..... ..#
#........###...... #†#
#..5..............
#5####..#####.######...
##)#..e..# #.# ...
#.)e.##@.# #.# ###
#.#..##(.# #.#
##....##..# #.#
#.....##..# #.#
#...##....# #.#
#..###.##.# #.# #..
#.##... #.$ #.###### #.
#.( #.# ..


You could see Dowan and a crimson imp.

Vanquished Creatures
  Grinder (D:4)
  Sigmund (D:3)
  Edmund (D:6)
  Duvessa (D:6)
  2 ice beasts (D:5)
  2 phantoms
  A black bear (D:5)
  A centaur (D:6)
  2 scorpions
  3 howler monkeys
  2 crimson imps
  A centaur zombie (D:5)
  2 orc priests (D:5)
  2 jellies
  3 hounds
  5 orc wizards
  2 centaur skeletons (D:5)
  Terence (D:3)
  3 worker ants
  8 adders
  A shadow imp (D:6)
  2 oozes
  An adder zombie (D:5)
  3 worms
  12 dart slugs
  7 leopard geckos
  28 orcs
  2 ball pythons
  2 giant cockroaches
  9 goblins
  8 hobgoblins
  10 jackals
  4 quokkas
  8 bats
  9 frilled lizards
  8 kobolds
  A leopard gecko skeleton (D:4)
  13 rats
172 creatures vanquished.

Notes
Turn   | Place    | Note
-------+----------+-------------------------------------------
     0 | D:1      | KleinerIrrer the Gargoyle Fighter began the quest for the
                  | Orb.
     0 | D:1      | Reached XP level 1. HP: 14/14 MP: 1/1
    21 | D:1      | Reached XP level 2. HP: 14/19 MP: 2/2
   109 | D:1      | Reached skill level 4 in Shields
   245 | D:1      | Reached XP level 3. HP: 9/23 MP: 3/3
  1351 | D:2      | Found Zin's Purification Station.
  1354 | D:2      | Found a glowing silver altar of Zin.
  1483 | D:2      | Reached XP level 4. HP: 28/28 MP: 4/4
  1669 | D:2      | Found a blossoming altar of Fedhas.
  1694 | D:2      | Noticed an oklob plant
  2235 | D:2      | Reached skill level 5 in Shields
  2694 | D:3      | Reached XP level 5. HP: 28/32 MP: 5/5
  2997 | D:3      | Found a faded altar of an unknown god.
  3001 | D:3      | Noticed Sigmund
  3015 | D:3      | Killed Sigmund
  3015 | D:3      | Reached skill level 6 in Shields
  3015 | D:3      | Reached XP level 6. HP: 23/37 MP: 6/6
  3180 | D:3      | Noticed Terence
  3190 | D:3      | Killed Terence
  3551 | D:4      | Found a sacrificial altar of Ru.
  3552 | D:4      | Found a radiant altar of Vehumet.
  3976 | D:4      | Reached skill level 7 in Shields
  4091 | D:4      | Reached XP level 7. HP: 39/41 MP: 7/7
  4218 | D:4      | Noticed Grinder
  4255 | D:4      | Paralysed by Grinder for 2 turns
  4266 | D:4      | Paralysed by Grinder for 7 turns
  4291 | D:4      | Killed Grinder
  4291 | D:4      | Reached skill level 5 in Unarmed Combat
  4996 | D:5      | Entered Level 5 of the Dungeon
  5007 | D:5      | Reached skill level 8 in Shields
  5276 | D:5      | Found a white marble altar of Elyvilon.
  5376 | D:5      | Reached XP level 8. HP: 40/46 MP: 8/8
  5459 | D:5      | Found a basalt altar of Yredelemnul.
  5606 | D:5      | Found a staircase to the Ecumenical Temple.
  5652 | Temple   | Entered the Ecumenical Temple
  5720 | Temple   | Became a worshipper of Warmaster Okawaru
  5770 | D:5      | Found a snail-covered altar of Cheibriados.
  5788 | D:5      | Reached skill level 9 in Shields
  6067 | D:5      | Found a shattered altar of Ashenzari.
  6072 | D:5      | Found an opulent altar of Gozag.
  6172 | D:5      | Reached skill level 1 in Invocations
  6557 | D:5      | Noticed a moth of wrath
  6562 | D:5      | Found a bloodstained altar of Trog.
  6655 | D:6      | Found a runed door.
  6931 | D:5      | Reached XP level 9. HP: 48/51 MP: 10/10
  7121 | D:6      | Noticed Edmund
  7176 | D:6      | Killed Edmund
  7176 | D:6      | Reached skill level 10 in Shields
  7370 | D:6      | Found an ornate altar of the Wu Jian Council.
  7494 | D:6      | Noticed Duvessa
  7496 | D:6      | Noticed Dowan
  7513 | D:6      | Reached * piety under Okawaru
  7529 | D:6      | Killed Duvessa
  7544 | D:6      | Splashed by a crimson imp's acid

Skill      XL: |  1  2  3  4  5  6  7  8  9 |
---------------+----------------------------+-----
Shields        | 4 5 6 7 8 9 10 | 10.4
Unarmed Combat | 3 4 5 7 |  7.7
Invocations    | 1 2 |  2.6
Fighting       | |  3.2
Armour         | |  3.2

Action                   |  1- 3 |  4- 6 |  7- 9 || total
-------------------------+-------+-------+-------++-------
Melee: Unarmed           |   199 |   382 |   538 ||  1119
Evoke: Wand              |       |     1 |       ||     1
  Use: Potion            |     1 |       |       ||     1
       Scroll            |     2 |     4 |       ||     6
 Stab: Paralysed         |       |     5 |       ||     5
  Eat: Chunk             |     2 |     9 |     8 ||    19
       Ration            |       |       |     1 ||     1
Armor: Scale mail        |   107 |   132 |    21 ||   260
       Chain mail        |       |       |   193 ||   193
Dodge: Dodged            |    58 |    78 |    70 ||   206
Block: Shield            |   131 |   245 |   358 ||   734
       Reflection        |       |     6 |     2 ||     8
